 Dungeon Crawl Stone Soup version 0.31-a0-229-g1fc7ce93e2 (webtiles) character file.

Game seed: 10866859288261036576

135 qw the Shooter (level 5, -4/30 HPs)
             Began as a Gargoyle Hexslinger on July 6, 2023.
             Slain by a black bear (11 damage)
             ... on level 4 of the Dungeon.
             The game lasted 00:00:54 (2547 turns).

qw the Shooter (Gargoyle Hexslinger)                Turns: 2547, Time: 00:00:55

Health: -4/30      AC:  9    Str: 11    XL:     5   Next: 18%
Magic:  6/6        EV: 10    Int: 14    God:
Gold:   107        SH:  0    Dex: 14    Spells: 5/6 levels left

rFire   . . .        Y - +1 sling
rCold   . . .        (no shield)
rNeg    + . .        h - +0 ring mail
rPois   inf          (no helmet)
rElec   +            (no cloak)
rCorr   .            (no gloves)
SInv    .            (no boots)
Will    .....        (no amulet)
Stlth   +            (no ring)
HPRegen 0.25/turn    (no ring)
MPRegen 0.10/turn

%: no passive effects
@: no status effects
A: sickness immunity, AC +4, negative energy resistance 1, electricity
resistance, torment resistance 1, petrification resistance
a: no special abilities


You were on level 4 of the Dungeon.
You visited 1 branch of the dungeon, and saw 4 of its levels.

You collected 107 gold pieces.


Innate Abilities, Weirdness & Mutations

You are immune to sickness and miasma.
Your stone body is resilient. (AC +4)
You are immune to poison.
You resist negative energy. (rN+)
You are resistant to electric shocks. (rElec)
You are resistant to unholy torment.
You are immune to petrification.


   Skills:
 - Level 2.2 Fighting
 + Level 4.6 Ranged Weapons
 - Level 1.1 Armour
 - Level 1.5 Dodging
 - Level 1.0 Spellcasting
 - Level 2.6 Hexes


You had 5 spell levels left.
You knew the following spells:

 Your Spells              Type           Power      Damage    Failure   Level
a - Slow                  Hex            32%        N/A       21%         1

Your spell library contained the following spells:

 Spells                   Type           Power      Damage    Failure   Level
 Inner Flame              Hex/Fire       4%         N/A       71%         3
 Portal Projectile        Hex/Tloc       8%         N/A       71%         3
 Cause Fear               Hex            4%         N/A       90%         4

Inventory:

Hand Weapons
 Y - a +1 sling (weapon)
Armour
 h - a +0 ring mail (worn)
Scrolls
 g - a scroll of identify
Potions
 a - a potion of heal wounds {unknown}
 b - a potion of invisibility {unknown}
 c - a potion of berserk rage {unknown}
 d - a potion of resistance {unknown}
 e - a potion of mutation {unknown}

Dungeon Overview and Level Annotations

Branches:
Dungeon (4/15)
 Temple: D:4-7

Altars:
Elyvilon

Shops:
D:1 :


Message History

The black bear claws you but does no damage.
The black bear misses you.
You shoot a sling bullet. The sling bullet hits the black bear.
The black bear is severely wounded.
The adder bites you but does no damage.
The black bear bites you but does no damage.
The black bear claws you but does no damage.
The black bear barely misses you. The adder misses you.
You shoot a sling bullet. The sling bullet hits the black bear.
The black bear is severely wounded.
The adder bites you but does no damage.
The black bear goes berserk!
You shoot a sling bullet. The sling bullet hits the black bear.
The black bear is severely wounded.
The black bear closely misses you.
The black bear claws you but does no damage. x2
The adder bites you.
The black bear bites you but does no damage.
The black bear closely misses you.
The black bear claws you but does no damage.
The adder closely misses you.
You shoot a sling bullet. The sling bullet hits the black bear.
The black bear is severely wounded.
The black bear bites you! The black bear claws you.
The black bear claws you but does no damage.
The adder bites you but does no damage.
The black bear bites you but does no damage.
The black bear barely misses you.
The black bear claws you but does no damage.
The adder closely misses you.
You shoot a sling bullet.
The sling bullet closely misses the black bear.
The black bear bites you but does no damage.
The black bear claws you. x2; The adder closely misses you.
The black bear closely misses you. The black bear barely misses you.
The black bear claws you.
You shoot a sling bullet.
The sling bullet hits the black bear but does no damage.
The black bear is severely wounded.
The black bear bites you!
You die...

.... ..... .....
#...##
.....###.... #
..........# ..
..........## ...
......%<...###....
.................
.............#..
....#.###.@S.# ...
## #h##....# ..
..%# #### . #....#
......# ........
..#..... ..#....


You could see a black bear (berserk) and an adder.

Vanquished Creatures
  Jessica (D:2)
  5 adders
  A worm (D:3)
  A dart slug (D:2)
  8 ball pythons
  2 endoplasms
  3 giant cockroaches
  8 goblins
  8 hobgoblins
  4 kobolds
  3 quokkas
  7 bats
  2 frilled lizards
  3 rats
56 creatures vanquished.

Notes
Turn   | Place    | Note
-------+----------+-------------------------------------------
     0 | D:1      | qw the Gargoyle Hexslinger began the quest for the Orb.
     0 | D:1      | Reached XP level 1. HP: 12/12 MP: 2/2
     0 | D:1      | 0 ||| qw: Version: 0.3-a-46-gb1f654a
     0 | D:1      | 0 ||| qw: Game counter: 1576
     0 | D:1      | 0 ||| qw: Melee chars always use a shield: true
     0 | D:1      | 0 ||| qw: God list: Okawaru
     0 | D:1      | 0 ||| qw: Allow faded altars: false
     0 | D:1      | 0 ||| qw: Do Orc after clearing Dungeon:15 true
     0 | D:1      | 0 ||| qw: Do second Lair branch before Depths: true
     0 | D:1      | 0 ||| qw: Lair rune preference: random
     0 | D:1      | 0 ||| qw: Goals: Normal
     0 | D:1      | 0 ||| PLANNING D:1-11
    98 | D:1      | Found Zeimof's Book Shop.
   109 | D:1      | 109 ||| DROPPING scroll of poison.
   159 | D:1      | Reached XP level 2. HP: 16/16 MP: 3/3
   441 | D:1      | Reached skill level 3 in Ranged Weapons
   752 | D:1      | 752 ||| READING scroll labelled DIACLU RAMI.
   753 | D:1      | 753 ||| READING scroll labelled KASTRE MIXELIRY.
   953 | D:2      | Reached XP level 3. HP: 16/21 MP: 4/4
  1007 | D:2      | Found a white marble altar of Elyvilon.
  1066 | D:2      | Identified the +5 falchion "Faenlih" {vamp, rF+ Str+4}
  1125 | D:2      | Noticed Jessica
  1131 | D:2      | Killed Jessica
  1132 | D:2      | Reached skill level 4 in Ranged Weapons
  1132 | D:2      | Reached XP level 4. HP: 25/26 MP: 5/5
  1557 | D:2      | 1557 ||| UPGRADING to +0 leather armour.
  1567 | D:2      | 1567 ||| DROPPING +0 robe.
  1568 | D:2      | 1568 ||| UPGRADING to +0 ring mail.
  1578 | D:2      | 1578 ||| DROPPING +0 leather armour.
  1579 | D:2      | 1579 ||| READING scroll labelled YHYOHA TYDAPP.
  1743 | D:3      | Reached skill level 1 in Armour
  1952 | D:3      | Reached XP level 5. HP: 27/30 MP: 6/6
  2492 | D:4      | 2492 ||| STAIRDANCE
  2532 | D:4      | Noticed a black bear
  2546 | D:4      | HP: 7/30 [black bear (3)]
  2547 | D:4      | Slain by a black bear

Levels and vault maps discovered:
D:1:      roderic_crop_circles_arrival_small, layout_basic, serial_shops, shop,
          serial_park_tiny_1
D:2:      layout_basic, basic_altar, uniq_jessica
D:3:      layout_basic, serial_aquarium, aquarium_bridge_straight
          [aquarium_subvault_bridge, aquarium_subvault_balcony,
          aquarium_subvault_bridge, aquarium_subvault_balcony],
          aquarium_window_double, aquarium_window_3, aquarium_window_1,
          aquarium_view_2b, aquarium_balcony_5b, aquarium_pool_2,
          serial_park_tiny_1, nicolae_wormholes
D:4:      layout_cave_pools, kennysheep_little_box, amcnicky_mini_pool_small

Skill      XL: |  1  2  3  4 |
---------------+-------------+-----
Ranged Weapons | 3 4 |  4.6
Fighting       | 2 |  2.2
Armour         | 1 |  1.1
Dodging        | |  1.5
Spellcasting   | |  1.0
Hexes          | |  2.6

Action                     |  1- 3 |  4- 6 || total
---------------------------+-------+-------++-------
   Fire: Sling             |    83 |   130 ||   213
    Use: Scroll            |     2 |     1 ||     3
 Armour: Robe              |     7 |       ||     7
         Ring mail         |       |    70 ||    70
  Dodge: Dodged            |    23 |    77 ||   100

Table legend:
 A = Non-vault XP
 B = Vault XP
 C = Vault XP percentage of total XP
 D = Non-vault monster count
 E = Vault monster count
 F = Vault count percentage of total count
                 A         B        C        D         E       F
            +---------+---------+-------+---------+---------+-------
      Total |     152 |      42 |  21.6 |      54 |       2 |   3.6
            +---------+---------+-------+---------+---------+-------
        D:1 |      22 |       0 |   0.0 |      14 |       0 |   0.0
        D:2 |      55 |      37 |  40.2 |      16 |       1 |   5.9
        D:3 |      71 |       5 |   6.6 |      22 |       1 |   4.3
        D:4 |       4 |       0 |   0.0 |       2 |       0 |   0.0
            +---------+---------+-------+---------+---------+-------
